Unix NetHack Version 5.0.0-0 post-release - last build May 23 2026 06:08:33 (1c0ff79ee797540d5714e4e18072db0edd9e58ae,branch:main).

Game began 2026-05-27 04:57:30, ended 2026-05-28 22:15:47.

FalseGod, lawful female dwarven Valkyrie

       }}}}}}}}}}}}}}}}}}}}}}}}}}}}}}}}}}}}}}}}}}}}}}}}}}}}}}}}}}}}}}}}}}}}}}}
                    }}}}}}}}}}}}}}}}}}}.}}}}}}.%..}}}}}}}}}}}}}}}}}S}...}}}}}}
                                 }}}}...}}}}}}}....}}}}  }.}}}..}D}...}}}}}}}}
                                       -.}}}}}}}}..}}}}}}. #...}}}..}}}}}}}}}}
                                       |.}}}}}}}}}}}}}}......N}}}}}}}}}...}}}}
                       S           |...S...}}}}}}}}}}}}}}..}...}.D}}}.@<.}}}}}
                                   |D  |}}}}}}}}}}}}...}}}}}}...}}}}};..}}}}}}
                    N                  -}}}}      -- |}}}}}....}}}}}}S...}}}}}
                                                     |}}}}}}}..f..S}}}}...}}}}
                  k                                  |}}}}}}}}}.}}};}}}}}}}}}}
                                                 N   -}}}}}}}}}}}}}}}}}}}}}}}}
        ;                   Y              N       ..}}}}}}}}}}}}}}}}}.....}}}
            @                                 }}}}}}}}}}}}}}}}}}}}}}....}}..}}
                                         }}}}}}}}}}}}....}}}}}}}}....#.}}}}}}}
                                           -----}}.....}}}}}}}......} }}.}}}}}
      D                            N          .....}}}}}}}}}}}}}..}}} }...}}}}
      DD   N                                   |}}}}}}}}}}}.}}}}}}}}----.}}}}}
                           N                   |}}.}}}}}}}......}}}}    ...}}}
                                               -.N.}}}}....#.}}}}}}}    |}}}}}
                                              }..}}}.....} }}}}}}}}}     }}}}}
                    ;                       }}}}}}}}}}}}} }}}}}}}}}      }}}}}
FalseGod the Woman-at-arms  St:18/54 Dx:16 Co:19 In:8 Wi:13 Ch:8  Lawful
Dlvl:21 $:0  HP:0(150) Pw:27(27) AC:-10 Xp:13 T:35670  Blind Lev

Latest messages:
 What do you want to use or apply? [bcjkops-uE-GV or ?*] b
 You were wearing an uncursed blindfold.
 You can see again.
 The cobra spits venom!
 The splash of venom misses the pit viper.
 A splash of venom misses you.
 What do you want to use or apply? [bcjkops-uE-GV or ?*] b
 You are now wearing a blindfold.
 You can't see any more.
 You hit the pit viper.
 The pit viper bites!
 The pit viper bites again!
 The pit viper bites!
 The pit viper bites again!
 You hit the pit viper.
 The pit viper misses!
 The pit viper misses!
 You kill the pit viper!
 The cobra bites!
 It misses.
 You hit the cobra.
 The cobra bites!
 The cobra bites!
 You kill the cobra!
 You hit the snake.
 The snake bites!
 The snake bites!
 You kill the snake!
 You hit the baby yellow dragon.
 The baby yellow dragon bites!
 You hit the baby yellow dragon.
 The baby yellow dragon misses!
 You kill the baby yellow dragon!
 The giant eel bites!
 The giant eel swings itself around you!
 What do you want to zap? [jV or ?*] ?
 Never mind.
 What do you want to use or apply? [bcjkops-uE-GV or ?*] <esc>
 Never mind.
 What do you want to zap? [jV or ?*] ?
 Never mind.
 What do you want to use or apply? [bcjkops-uE-GV or ?*] c
 y - an uncursed wand of cold.
 The giant eel bites!
 The giant eel drowns you...
 Do you want your possessions identified? [ynq] (y) y
 Do you want to see your attributes? [ynq] (y) y
 Do you want an account of creatures vanquished? [ynaq] (y) y
 Do you want to see your conduct and achievements? [ynq] (y) y
 Do you want to see the dungeon overview? [ynq] (y) y

Inventory:
 Amulets  ('"')
  U - a blessed amulet of reflection (being worn)
 Weapons  (')')
  r - 7 blessed +1 darts
  x - the blessed rustproof +1 Excalibur (weapon in right hand)
  P - a blessed +1 long sword
 Armor    ('[')
  h - an uncursed +0 elven leather helm
  i - an uncursed +0 elven leather helm (being worn)
  R - an uncursed +0 pair of leather gloves (being worn)
  f - an uncursed +0 pair of levitation boots (being worn)
  S - an uncursed +3 small shield (being worn)
  X - a blessed +1 dwarvish cloak (being worn)
  e - a blessed +1 Hawaiian shirt with a toucan motif (being worn)
  H - a blessed greased +2 gray dragon scale mail (being worn)
 Comestibles  ('%')
  v - 3 uncursed food rations
  q - an uncursed sprig of wolfsbane
  L - an uncursed tripe ration
  O - an uncursed partly eaten lizard corpse
 Scrolls  ('?')
  N - an uncursed scroll of blank paper
 Potions  ('!')
  Q - an uncursed potion of blindness
  Y - an uncursed potion of fruit juice
 Rings    ('=')
  W - an uncursed ring of hunger
  m - an uncursed +2 ring of increase accuracy (on right hand)
  I - an uncursed ring of regeneration named ruby ring of regeneration
  z - an uncursed ring of sustain ability
 Wands    ('/')
  V - a wand of cancellation (0:6)
  y - a wand of cold (0:6)
  j - a wand of fire (0:4)
 Tools    ('(')
  c - a blessed bag of holding containing 95 items
  F - an empty uncursed bag of holding
  E - a bag of tricks (0:16)
  G - a bag of tricks (0:16)
  b - an uncursed blindfold (being worn)
  p - a +0 pick-axe
  o - an uncursed skeleton key
  s - an uncursed stethoscope
  k - an uncursed towel
  u - a blessed +0 unicorn horn
 Gems/Stones  ('*')
  t - a blessed touchstone

Contents of the bag of holding:
  8165 gold pieces
  an uncursed amulet of guarding
  an uncursed amulet of reflection
  an uncursed amulet of unchanging
  a cursed cheap plastic imitation of the Amulet of Yendor
  an uncursed +0 pair of leather gloves
  a blessed thoroughly rusty +2 pair of iron shoes
  a blessed +0 mummy wrapping
  3 uncursed C-rations
  10 uncursed food rations
  2 uncursed K-rations
  an uncursed lembas wafer
  an uncursed tripe ration
  an uncursed lizard corpse
  an uncursed lizard corpse
  a blessed scroll of blank paper
  an uncursed scroll of blank paper
  3 uncursed scrolls of confuse monster
  a blessed scroll of create monster
  an uncursed scroll of enchant armor
  an uncursed scroll of food detection
  a blessed scroll of gold detection
  2 uncursed scrolls of identify
  an uncursed scroll of light
  an uncursed scroll of punishment
  2 blessed scrolls of teleportation
  3 uncursed scrolls of teleportation
  a cursed scroll of teleportation
  an uncursed spellbook of detect food
  a blessed spellbook of light
  an uncursed spellbook of restore ability
  a cursed potion of full healing
  an uncursed potion of gain ability
  an uncursed potion of gain energy
  an uncursed potion of hallucination
  an uncursed potion of invisibility
  an uncursed potion of object detection
  2 uncursed diluted potions of object detection
  2 uncursed potions of restore ability
  2 uncursed potions of sickness
  2 uncursed potions of speed
  3 potions of holy water named unholy
  a potion of unholy water
  an uncursed +1 ring of adornment
  an uncursed ring of invisibility
  an uncursed ring of poison resistance
  an uncursed ring of polymorph control
  a wand of create monster (0:13)
  a wand of create monster (0:4)
  a wand of create monster named christ there were two of 'em (0:0)
  a wand of create monster named the one that started this whole damn mess (0:0)
  a wand of digging (0:7)
  a wand of digging (0:6)
  a wand of digging (0:5)
  a wand of light (0:11)
  a wand of lightning (0:3)
  a wand of locking (0:1)
  a wand of magic missile (0:5)
  a wand of magic missile (0:0)
  a wand of magic missile (0:0)
  a cursed wand of magic missile (0:3)
  a wand of make invisible (0:7)
  a wand of make invisible (0:3)
  a wand of make invisible (0:2)
  a wand of make invisible (0:2)
  a wand of opening (0:6)
  a wand of polymorph (0:8)
  a wand of polymorph (0:6)
  a wand of probing (0:3)
  a wand of speed monster (0:6)
  a cursed wand of stasis (0:4)
  a wand of striking (0:5)
  a wand of striking (0:5)
  a wand of striking (0:1)
  a wand of striking (0:0)
  a wand of striking (0:0)
  a wand of teleportation (0:6)
  a wand of teleportation (0:4)
  a wand of teleportation (0:1)
  an uncursed bugle
  an uncursed leather drum
  an uncursed leash
  a blessed magic lamp
  an uncursed mirror
  an uncursed mirror
  a blessed oil lamp
  an uncursed oil lamp
  a corroded +0 pick-axe
  an uncursed tin opener
  an uncursed tin whistle
  an uncursed tin whistle
  a +0 unicorn horn
  a +0 unicorn horn
  an uncursed citrine stone
  3 uncursed sapphires

FalseGod the Valkyrie's attributes:

Background:
 You were a Woman-at-arms, a level 13 dwarven Valkyrie.
 You were lawful, on a mission for Tyr
 who was opposed by Odin (neutral) and Loki (chaotic).
 You were right-handed.
 You were in the Dungeons of Doom, on level 21.
 You entered the dungeon 35670 turns ago.
 It was nighttime.
 You had 64818 experience points, 15182 more were needed to attain level 14.

Basics:
 You had 0 out of 150 hit points.
 You had all 27 energy points (spell power).
 Your armor class was -10.
 Your wallet was empty, but
 you had 8165 zorkmids stashed away in your pack.
 Autopickup was on for '$' plus thrown.

Final Characteristics:
 Your strength was 18/54 (limit:18/100).
 Your dexterity was 16 (limit:20).
 Your constitution was 19 (peak:20, limit:20).
 Your intelligence was 8 (limit:16).
 Your wisdom was 13 (limit:16).
 Your charisma was 8 (limit:16).

Final Status:
 You were levitating.
 You were deliberately blind.
 You were held by a giant eel (southwest).
 You weren't hungry.
 You were unencumbered.
 You were wielding a long sword.
 You had expert skill with long sword.

Final Attributes:
 You were piously aligned.
 You were magic-protected.
 You were fire resistant.
 Your items were somewhat protected from fire.
 You were cold resistant.
 Your items were somewhat protected from cold.
 You were sleep resistant.
 You were poison resistant.
 You were level-drain resistant.
 You would have seen invisible when not blind.
 You were telepathic.
 You had automatic searching.
 You had infravision.
 You were invisible to others.
 You were stealthy.
 You had a small bonus to hit (+2).
 You were warded.
 You had reflection.
 You were very lucky.
 You are dead.

Miscellaneous:
 You didn't encounter any bones levels.
 Total elapsed playing time was 1 day, 26 minutes and 53 seconds.

Major events:
 Turn
    1: FalseGod the lawful dwarven Valkyrie entered the dungeon
  984: attained the rank of Skirmisher (level 3)
 1362: entered the Gnomish Mines
 3852: reached Mine Town
 3877: attained the rank of Fighter (level 6)
 6513: consulted the Oracle
 6773: entered Sokoban
 7130: completed 1st Sokoban level
 7747: completed 2nd Sokoban level
 8054: completed 3rd Sokoban level
 9288: completed 4th Sokoban level
 9925: just blew up her bag of holding
10252: acquired the Sokoban amulet of reflection
11973: made her first wish - "blessed greased +2 gray dragon scale mail", got "a greased gray dragon scale mail"
12917: attained the rank of Woman-at-arms (level 10)
13757: found Trollsbane on the floor
18943: was given Excalibur by the Lady of the Lake
20413: entered the Bigroom
21046: entered Home 1, the Quest
35670: drowned in a pool of water by a giant eel

Spells:
 Name                 Level Category     Fail Retention
 slow monster           2   enchantment   58%    (gone)
 detect treasure        4   divination   100%    (gone)
 knock                  1   matter        50%    (gone)
 levitation             4   escape       100%    (gone)
 cause fear             3   enchantment  100%    (gone)
 healing                1   healing       36%    1%-25%
 light                  1   divination    50%  76%-100%
 detect food            2   divination    58%  76%-100%
 restore ability        4   healing      100%  76%-100%

Skills:
 Fighting Skills
   bare handed combat [Unskilled]
   two weapon combat  [Basic]
   riding             [Unskilled]
 Weapon Skills
   dagger             [Basic]
   axe                [Unskilled]
   pick-axe           [Unskilled]
   short sword        [Unskilled]
   broadsword         [Unskilled]
   long sword         [Expert]
   two-handed sword   [Unskilled]
   saber              [Unskilled]
   hammer             [Unskilled]
   quarterstaff       [Unskilled]
   polearms           [Unskilled]
   spear              [Expert]
   trident            [Unskilled]
   lance              [Unskilled]
   sling              [Unskilled]
 Spellcasting Skills
   attack spells      [Unskilled]
   escape spells      [Unskilled]

Voluntary challenges:
 Character rerolling was not enabled.
 You never genocided any monsters.
 You never polymorphed an object.
 You used 1 wish.
 You did not wish for any artifacts.
 You violated the special Sokoban rules thrice.
Achievements:
 You entered a shop.
 You attained the rank of Skirmisher.
 You entered the Gnomish Mines.
 You entered Minetown.
 You attained the rank of Fighter.
 You entered a temple.
 You consulted the Oracle of Delphi.
 You entered Sokoban.
 You completed Sokoban.
 You attained the rank of Woman-at-arms.
 You entered the Big Room.

 The Dungeons of Doom: levels 1 to 21
    Level 1:
    Level 2:
    Level 3:
       Some fountains.
       Stairs down to The Gnomish Mines.
    Level 4:
       A general store.
    Level 5:
       Many fountains.
       Oracle of Delphi.
    Level 6:
       Stairs up to Sokoban, level 5.
    Level 7: "looted"
       A general store.
    Level 8:
    Level 9:
    Level 10:
       An altar to Tyr.
    Level 11:
       A very big room.
       Summoned by the Norn.
       Portal to The Quest.
    Level 12:
       A fountain.
    Level 13:
       Some altars, a fountain.
    Level 14:
       A fountain.
    Level 15: "vault + throne"
    Level 16:
       A fountain.
    Level 17:
       An altar, a fountain.
    Level 18:
       A primitive area.
    Level 19: "vault"
       Some fountains.
    Level 20:
    Level 21: <- You were here.
       Many trees.
       Final resting place for
          you, drowned in a pool of water by a giant eel.
 The Gnomish Mines: levels 4 to 7
    Level 4:
    Level 5:
    Level 6:
    Level 7:
       Many shops, a temple and an altar, some fountains, some trees.
 The Quest:
    Level 1:
       A fountain.
       Home.
 Sokoban: levels 5 up to 2
    Level 2:
       Solved.
    Level 3:
       Solved.
    Level 4:
       Solved.
    Level 5:
       Solved.


Vanquished creatures:
  a baluchitherium
  a stone golem
  3 titanotheres
  a trapper
  a baby yellow dragon
  2 nurses
  a lurker above
  2 frost giants
  a vampire
  a lieutenant
  a ghost
  3 queen bees
  2 winged gargoyles
  2 mind flayers
  3 giant mimics
  2 zruties
  3 fire giants
  3 ogre tyrants
 an ice troll
 an umber hulk
  2 flesh golems
  4 elven monarchs
  3 large mimics
  2 wumpuses
  5 stalkers
  4 air elementals
  2 fire elementals
  2 earth elementals
  a water elemental
  5 hill giants
  2 giant mummies
  2 giant zombies
  4 elf-nobles
  a sergeant
 11 wargs
  a winter wolf
  8 small mimics
  a glass piercer
  a warhorse
  2 xans
  2 ettin mummies
  3 ogre leaders
  3 quantum mechanics
 14 trolls
  2 wood golems
  a gelatinous cube
  2 pyrolisks
  3 large dogs
  a freezing sphere
  3 flaming spheres
  4 shocking spheres
  7 large cats
  6 tigers
  3 gargoyles
  a dwarf ruler
  3 tengu
  3 ochre jellies
  2 leocrottas
  2 mountain centaurs
  5 stone giants
 an elf mummy
  a human mummy
  2 red nagas
  3 pythons
  3 pit vipers
  4 cobras
  2 wraiths
  4 carnivorous apes
  2 leather golems
 19 Grey-elves
  6 soldiers
  a watchman
 an amorous demon
  6 chameleons
  2 crocodiles
  5 giant beetles
  4 quivering blobs
 15 cockatrices
  8 wolves
 10 winter wolf cubs
  2 lynxes
  a panther
  5 gremlins
  a spotted jelly
 58 leprechauns
  5 orc-captains
  3 iron piercers
  3 giant spiders
  a scorpion
  2 horses
  2 black lights
  a vampire bat
  4 forest centaurs
  6 gnome rulers
  4 orc mummies
  5 ogres
  4 rust monsters
  5 owlbears
  5 yetis
  2 gold golems
  2 werewolves
  5 Green-elves
  8 lizards
  a chickatrice
  a dingo
  a dog
  3 housecats
  5 jaguars
  2 dwarf leaders
  4 blue jellies
  3 white unicorns
  2 black unicorns
  3 dust vortices
  6 ravens
  3 plains centaurs
  a gnome mummy
  4 snakes
  5 water moccasins
 16 apes
  5 human zombies
  a rope golem
  4 Woodland-elves
  a soldier ant
 18 fire ants
 22 bugbears
  2 imps
  a quasit
  5 wood nymphs
  5 water nymphs
  3 mountain nymphs
  6 Mordor orcs
  2 Uruk-hai
  3 orc shamans
  7 rock piercers
  8 rock moles
  5 ponies
  7 fog clouds
  9 yellow lights
  3 shriekers
  5 violet fungi
 14 gnome leaders
  4 gnomish wizards
  3 kobold mummies
  6 gray oozes
  3 barrow wights
 an elf zombie
  2 ghouls
  3 straw golems
  3 paper golems
  a jellyfish
  8 giant ants
  2 little dogs
 16 floating eyes
  a kitten
  7 dwarves
  5 homunculi
  2 kobold leaders
  4 kobold shamans
 46 hill orcs
 30 rothes
  a rabid rat
  a centipede
 10 giant bats
  4 monkeys
 14 orc zombies
  9 dwarf zombies
 15 iguanas
 35 killer bees
  2 acid blobs
 12 coyotes
  2 gas spores
  5 hobbits
 10 manes
  2 large kobolds
 29 hobgoblins
 14 giant rats
 10 cave spiders
  2 brown molds
  4 yellow molds
  a green mold
  2 red molds
 36 gnomes
  4 garter snakes
  4 gnome zombies
 11 geckos
  9 jackals
  3 foxes
  5 kobolds
  8 goblins
  2 sewer rats
  6 grid bugs
  8 bats
  9 lichens
  a kobold zombie
 13 newts
1047 creatures vanquished.

No species were genocided or became extinct.

Game over:
                       ----------
                      /          \
                     /    REST    \
                    /      IN      \
                   /     PEACE      \
                  /                  \
                  |     FalseGod     |
                  |     8165 Au      |
                  |   drowned in a   |
                  | pool of water by |
                  |   a giant eel    |
                  |                  |
                  |       2026       |
                 *|     *  *  *      | *
        _________)/\\_//(\/(/\)/\//\/|_)_______

Farvel FalseGod the Valkyrie...

You drowned in The Dungeons of Doom on dungeon level 21 with 174151 points,
and 8165 pieces of gold, after 35670 moves.
You were level 13 with a maximum of 150 hit points when you drowned.

